 Dungeon Crawl Stone Soup version 0.31.0-7-gf635a9b802 (webtiles) character file.

Game seed: 13469345220629656166

1884 Khashishi the Mimic (level 9, -2/105 HPs)
             Began as a Naga Shapeshifter on Jan 24, 2024.
             Was a Priest of Dithmenos.
             Slain by a killer bee (3 damage)
             ... on level 7 of the Dungeon.
             The game lasted 00:31:58 (5921 turns).

Khashishi the Mimic (Naga Shapeshifter)             Turns: 5921, Time: 00:31:59

Health: -2/105     AC: 24    Str: 18    XL:     9   Next: 14%
Magic:  0/12       EV:  1    Int: 13    God:    Dithmenos [***...]
Gold:   409        SH:  0    Dex: 11    Spells: 10/13 levels left

rFire   . .          .
                       - Unarmed
rCold   + . .        (no shield)
rNeg    . . .        k - melded +6 chain mail {rF+}
rPois   +            (helmet currently unavailable)
rElec   .            (cloak currently unavailable)
rCorr   .            (gloves currently unavailable)
SInv    +            (no barding)
Will    +....        y - amulet of guardian spirit
Stlth   +            l - +5 ring of evasion
HPRegen 0.37/turn    f - ring of protection from cold
MPRegen 0.13/turn

%: guardian spirit
@: mighty, lethally poisoned (-2 -> -11), short of breath, tree-form, hasted,
wreathed by umbra, very quick
A: stationary, stasis, torment immunity, boosted hp, AC +3, large, see
invisible, (deformed body), (poison resistance), (slowness 2), spit poison 1,
(naga tail 1)
a: Spit Poison, Renounce Religion, Shadow Step


You were on level 7 of the Dungeon.
You worshipped Dithmenos.
Dithmenos was most pleased with you.
You were a tree.
You visited 2 branches of the dungeon, and saw 8 of its levels.

You collected 409 gold pieces.

Inventory:

Hand Weapons
 p - a +2 quarterstaff of distortion
Missiles
 b - 2 throwing nets
 i - 86 stones
Armour
 e - a +0 cloak
 k - a +6 chain mail of fire resistance (melded)
Jewellery
 f - a ring of protection from cold (right branch)
 l - a +5 ring of evasion (left branch)
 y - an amulet of guardian spirit (around neck)
Talismans
 a - a serpent talisman
 c - a beast talisman (active)
 d - a flux talisman
Wands
 w - a wand of charming (13)
 A - a wand of flame (22)
Scrolls
 h - 3 scrolls of amnesia {unknown}
 j - a scroll of fog {unknown}
 o - a scroll of revelation {unknown}
 q - 2 scrolls of vulnerability
 s - a scroll of silence
 t - a scroll of poison {unknown}
 u - a scroll of enchant armour
 x - a scroll of blinking {unknown}
Potions
 m - 2 potions of enlightenment
 n - 4 potions of attraction


   Skills:
 - Level 1.0 Fighting
 - Level 1.5 Dodging
 - Level 5.0 Unarmed Combat
 - Level 2.5 Spellcasting
 - Level 3.7 Conjurations
 + Level 9.3 Shapeshifting


You had 10 spell levels left.
You knew the following spells:

 Your Spells              Type           Power      Damage    Failure   Level
a - Magic Dart            Conj           44%        1d5       4%          1
b - Searing Ray           Conj           22%        2d5       8%          2

Your spell library contained the following spells:

 Spells                   Type           Power      Damage    Failure   Level
 Inner Flame              Hex/Fire       1%         N/A       58%         3
 Flame Wave               Conj/Fire      6%         2d5       73%         4
 Fulminant Prism          Conj/Alch      3%         3d5       73%         4
 Sticky Flame             Fire/Alch      1%         2d4       94%         4


Dungeon Overview and Level Annotations

Branches:
Dungeon (7/15)             Temple (1/1) D:5

Altars:
Ashenzari
Dithmenos
Elyvilon
Fedhas
Gozag
Hepliaklqana
Makhleb
Nemelex Xobeh
Okawaru
Qazlal
Sif Muna
Trog
Uskayaw
Vehumet
Wu Jian
Xom
Yredelemnul
Zin
The Shining One

Shops:
D:4 :   D:5 *


Innate Abilities, Weirdness & Mutations

You are a tree.
Your roots penetrate the ground, keeping you stationary.
You cannot be teleported.
You are immune to unholy pain and torment.
Your maximum health is greatly increased.
Your equipment is partially melded.
((Your serpentine skin is tough. (AC +3)))
You have supernaturally acute eyesight. (SInv)
((Armour fits poorly on your strangely shaped body.))
((Your system is resistant to poisons. (rPois)))
((You cover ground very slowly.))
You can spit poison.
((You have a snake-like lower body.))


Message History

You feel sick.
The killer bee stings you but does no damage.
Aiming: Spit Poison (1% risk of failure)
Press: ? - help, Shift-Dir - straight line, f/p - killer bee
Aim: a killer bee (umbra, 34% to hit)
The splash of poison misses the killer bee.
The splash of poison hits the killer bee!
The killer bee is poisoned.
The killer bee is severely wounded.
You feel sick.
The killer bee stings you but does no damage. x4
You closely miss the killer bee.
You feel sick.
You kill the killer bee!
Dithmenos accepts your kill.
The killer bee stings you but does no damage. x2
You barely miss the killer bee.
You feel sick.
The killer bee stings you but does no damage.
The killer bee stings you.
* * * LOW HITPOINT WARNING * * *
You closely miss the killer bee. The killer bee stings you!
* * * LOW HITPOINT WARNING * * *
The killer bee stings you but does no damage.
Okay, then.
Unknown command.
You pummel the killer bee!!
You kill the killer bee!
Dithmenos accepts your kill.
You will now sometimes bleed smoke when heavily injured by enemies.
You feel sick. The killer bee stings you.
* * * LOW HITPOINT WARNING * * *
The killer bee stings you.
* * * LOW HITPOINT WARNING * * *
You are more poisoned.
The killer bee poisons you!
An orc comes into view. It is wielding a +0 morningstar.
The killer bee stings you but does no damage.
You barely miss the killer bee.
* * * LOW HITPOINT WARNING * * *
You feel sick. The killer bee stings you.
You die...

....#.# ...#.o
######### #..#.# #
........#+##.)#.#.. #.
......)<#.....#..# #...
......))#......###.....
........)..............
........#....))........
#.......#...##♣###.####
#####+###...##yy#
......#†....y..
........#.......y
........#........
#################


You could see 2 killer bees and an orc (wandering).

Vanquished Creatures
  Edmund (D:4)
  An orc warrior (D:6)
  2 ogres
  A centaur (D:6)
  A phantom (D:5)
  A bullfrog (D:7)
  3 scorpions
  2 wights (D:7)
  4 killer bees (D:7)
  4 hounds
  2 jellies (D:2)
  4 orc priests
  3 gnoll boudas
  2 iguanas (D:5)
  2 orc wizards
  11 adders
  11 gnolls
  4 ufetubi (D:6)
  3 dart slugs
  2 ribbon worms (D:2)
  19 orcs
  4 ball pythons
  11 endoplasms
  A giant cockroach (D:1)
  8 goblins
  8 hobgoblins
  4 jackals
  16 kobolds
  3 quokkas
  6 bats
  4 frilled lizards
  5 rats
  A spectral goblin (D:5)
  A butterfly (D:5)
155 creatures vanquished.

Vanquished Creatures (others)
  A gnoll (D:7)
1 creature vanquished.

Grand Total: 156 creatures vanquished

Notes
Turn   | Place    | Note
-------+----------+-------------------------------------------
     0 | D:1      | Khashishi the Naga Shapeshifter began the quest for the
                  | Orb.
     0 | D:1      | Reached XP level 1. HP: 18/18 MP: 1/1
   185 | D:1      | Reached XP level 2. HP: 25/25 MP: 2/2
   900 | D:2      | Reached XP level 3. HP: 30/31 MP: 3/3
  1111 | D:2      | Found a faded altar of an unknown god.
  1157 | D:2      | Reached XP level 4. HP: 31/38 MP: 4/4
  1293 | D:2      | Reached skill level 4 in Shapeshifting
  1338 | D:2      | Found an opulent altar of Gozag.
  1338 | D:2      | Found a blossoming altar of Fedhas.
  1338 | D:2      | Found a glowing silver altar of Zin.
  1338 | D:2      | Found a glowing golden altar of the Shining One.
  1338 | D:2      | Found a bloodstained altar of Trog.
  1338 | D:2      | Found a shadowy altar of Dithmenos.
  1352 | D:2      | Reached XP level 5. HP: 44/44 MP: 5/5
  1414 | D:2      | Became a worshipper of Dithmenos the Shadowed
  1810 | D:3      | Learned a level 1 spell: Magic Dart
  1813 | D:3      | Learned a level 2 spell: Searing Ray
  2132 | D:3      | Found Xasener's Book Shop.
  2385 | D:4      | Reached skill level 5 in Unarmed Combat
  2385 | D:4      | Reached skill level 1 in Conjurations
  2385 | D:4      | Reached XP level 6. HP: 50/51 MP: 1/6
  2410 | D:4      | Reached skill level 5 in Shapeshifting
  2706 | D:4      | Found an ornate altar of the Wu Jian Council.
  2738 | D:4      | Reached * piety under Dithmenos
  2834 | D:4      | Reached skill level 1 in Spellcasting
  2834 | D:4      | Reached XP level 7. HP: 57/57 MP: 1/9
  2897 | D:4      | Noticed Edmund
  2910 | D:4      | Killed Edmund
  3257 | D:4      | Found a bloodstained altar of Trog.
  3308 | D:4      | Found Mehuot's Book Emporium.
  3354 | D:4      | Found a shadowy altar of Dithmenos.
  3476 | D:5      | Entered Level 5 of the Dungeon
  4120 | D:5      | Found Atif's Fire Supplies.
  4199 | D:5      | Reached skill level 6 in Shapeshifting
  4199 | D:5      | Reached XP level 8. HP: 63/64 MP: 11/11
  4247 | D:5      | Found a staircase to the Ecumenical Temple.
  4256 | Temple   | Entered the Ecumenical Temple
  4325 | D:5      | Reached ** piety under Dithmenos
  4511 | D:5      | Found a hazy altar of Hepliaklqana.
  4726 | D:6      | Reached skill level 7 in Shapeshifting
  5193 | D:6      | Reached skill level 8 in Shapeshifting
  5902 | D:7      | Reached XP level 9. HP: 37/69 MP: 4/12
  5914 | D:7      | Reached skill level 9 in Shapeshifting
  5920 | D:7      | Reached *** piety under Dithmenos
  5920 | D:7      | HP: 3/105 [killer bee (5)]
  5921 | D:7      | HP: 1/105 [poisoned by a killer bee]
  5921 | D:7      | Slain by a killer bee

Illustrated notes

Levels and vault maps discovered:
D:1:      heliophobic_arrival_glass_houses, layout_basic,
          chequers_serial_rivers_micro_b
D:2:      cheibrodos_fertilizer, layout_loops_ring, shapermc_ecumenical_altar_gd
D:3:      layout_loops_ring, serial_shops, shop
D:4:      layout_layer_cave, trog_hazing_becter, lemuel_tele_altar,
          amcnicky_altar_gilded, serial_shops, shop, uniq_edmund
D:5:      layout_cave_pools, nicolae_hepliaklqana_monster_ancestors,
          minmay_temple_entry_butterflies, serial_bayou, serial_bayou_lagoon_b,
          serial_bayou_lagoon_a, serial_bayou_pond_b, serial_bayou_crossing,
          serial_bayou_pond_c, serial_bayou_shore_b, nicolae_shop_fire_sale
          [nicolae_sub_dead_trees]
D:6:      layout_basic, dreamdust_wishing_well
D:7:      minmay_the_grid_triangle_9x9_rhombus_thin
          [minmay_the_grid_triangle_9x9_warning,
          minmay_the_grid_triangle_9x9_prize_top_heavy,
          minmay_the_grid_triangle_9x9_cache,
          minmay_the_grid_triangle_9x9_wacky_v], layout_gridville,
          kennysheep_slug_shrine, regret_index_kikubaaqudgha_part_by_part,
          uniq_menkaure
Temple:   nicolae_temple_no_exploring_needed

Skill      XL: |  1  2  3  4  5  6  7  8  9 |
---------------+----------------------------+-----
Unarmed Combat | 4 5 |  5.0
Shapeshifting  | 4 5 6 8 9 |  9.3
Conjurations   | 1 2 3 |  3.7
Spellcasting   | 1 2 |  2.5
Fighting       | |  1.0
Dodging        | |  1.5

Action                     |  1- 3 |  4- 6 |  7- 9 || total
---------------------------+-------+-------+-------++-------
  Melee: Unarmed           |    42 |    79 |   241 ||   362
         Punch             |       |     2 |     9 ||    11
  Throw: Stone             |       |     1 |       ||     1
   Cast: Magic Dart        |       |    16 |     1 ||    17
         Searing Ray       |       |     3 |     1 ||     4
Ability: Spit Poison       |    25 |    36 |    50 ||   111
  Evoke: Wand              |       |       |     1 ||     1
    Use: Potion            |       |     1 |     6 ||     7
         Scroll            |       |     3 |     9 ||    12
 Armour: Animal skin       |    22 |    28 |     6 ||    56
         Skin              |       |     4 |   119 ||   123
         Chain mail        |       |       |   161 ||   161
  Dodge: Dodged            |    22 |    36 |   158 ||   216
   Form: Serpent           |       |       |     1 ||     1
         Beast             |       |       |     1 ||     1
         Flux              |       |       |     1 ||     1
